 Dungeon Crawl Stone Soup version 0.17-a0-1914-gde4187c (webtiles) character file.

548 graki42 the Conjurer (level 7, -2/36 HPs)
             Began as a Deep Elf Conjurer on Sept 26, 2015.
             Was an Initiate of Sif Muna.
             Slain by a sky beast (6 damage)
             ... on level 5 of the Dungeon.
             The game lasted 00:15:27 (3453 turns).

graki42 the Conjurer (Deep Elf Conjurer)            Turns: 3453, Time: 00:15:27

Health: -2/36      AC:  3    Str:  5    XL:     7   Next: 7%
Magic:  7/19       EV: 13    Int: 22    God:    Sif Muna [......]
Gold:   279        SH:  0    Dex: 15    Spells: 4 memorised, 9 levels left

rFire  . . .     SeeInvis .     j - +2 dagger (elec)
rCold  . . .     Clarity  .     A - +0 robe {MR+}
rNeg   . . .     SustAt   .     (no shield)
rPois  +         Gourm    .     v - +0 helmet
rElec  .         Spirit   .     (no cloak)
rCorr  .         Warding  .     (no gloves)
rMut   .         Stasis   .     (no boots)
MR     +....                    (no amulet)
Stlth  ++........               y - ring of wizardry
                                s - ring of poison resistance

@: somewhat resistant to hostile enchantments, unstealthy
A: no striking features
a: Renounce Religion


You were on level 5 of the Dungeon.
You worshipped Sif Muna.
Sif Muna was noncommittal.
You were hungry.

You visited 2 branches of the dungeon, and saw 6 of its levels.

You collected 279 gold pieces.

Inventory:

Hand weapons
 j - a +2 dagger of electrocution (weapon)
Armour
 v - a +0 helmet (worn)
 A - a +0 robe of magic resistance (worn)
Jewellery
 s - a ring of poison resistance (left hand)
 y - a ring of wizardry (right hand)
Scrolls
 e - 3 scrolls of fog {unknown}
 g - a scroll of blinking {unknown}
 i - a scroll of remove curse {unknown}
 k - 2 scrolls of recharging {unknown}
 l - a scroll of magic mapping {unknown}
 m - 2 scrolls of amnesia {unknown}
 n - a scroll of fear {unknown}
 o - a scroll of enchant armour {unknown}
 p - a scroll of identify {unknown}
 q - 4 scrolls of teleportation {unknown}
 w - 2 scrolls of enchant weapon {unknown}
Potions
 a - a potion of lignification {unknown}
 d - a potion of brilliance {unknown}
 f - 4 potions of curing {unknown}
 h - a potion of cancellation {unknown}
 r - 2 potions of degeneration {unknown}
 t - a potion of berserk rage {unknown}
 u - a potion of invisibility {unknown}
 x - a potion of agility {unknown}
 C - a potion of mutation {unknown}
 D - a potion of flight {unknown}
Books
 b - a book of Conjurations

   Spells                             Type                      Level
   a - Magic Dart                     Conjuration                  1
   b - Searing Ray                    Conjuration                  2
   c - Dazzling Spray                 Conjuration/Hexes            3
   d - Fulminant Prism                Conjuration/Hexes            4
   e - Iskenderun's Mystic Blast      Conjuration                  4
   f - Iskenderun's Battlesphere      Conjuration/Charms           5
Comestibles
 c - 5 bread rations
 z - a slice of pizza
 B - 7 fruits
 E - 2 meat rations


   Skills:
 + Level 3.1 Dodging
 + Level 3.3 Stealth
 + Level 6.7 Spellcasting
 + Level 7.1 Conjurations
 + Level 1.6 Hexes


You had 9 spell levels left.
You knew the following spells:

 Your Spells              Type           Power        Failure   Level  Hunger
a - Magic Dart            Conj           ####         1%          1    None
b - Searing Ray           Conj           #####.       1%          2    None
c - Dazzling Spray        Conj/Hex       ####....     1%          3    #......
d - Iskenderun's Mystic   Conj           #####...     2%          4    ###....


Dungeon Overview and Level Annotations

Branches:
Dungeon (5/15)             Temple (1/1) D:5

Altars:
Cheibriados
Dithmenos
Elyvilon
Fedhas
Gozag
Makhleb
Nemelex Xobeh
Okawaru
Ru
Sif Muna
Trog
Vehumet
Xom
Yredelemnul
The Shining One


Message History

The searing ray hits the sky beast.
The sky beast is heavily wounded.
The sky beast flickers out of sight!
Deactivating autopickup; reactivate with Ctrl-A.
Something hits you. Something shocks you.
The searing ray hits something.
Something hits you. Something shocks you.
Casting: Searing Ray
Confirm with . or Enter, or press ? or * to list all spells.
You can't see any susceptible monsters within range! (Use Z to cast anyway.)
Casting: Searing Ray
Confirm with . or Enter, or press ? or * to list all spells.
Aiming: Searing Ray
Press: ? - help, Shift-Dir - straight line Something hits you.
Something shocks you.
The searing ray hits something.
Something hits you. Something shocks you.
* * * LOW HITPOINT WARNING * * *
Something hits you.
* * * LOW HITPOINT WARNING * * *
Something shocks you.
You die...

##.#..########
#.#
#.#.....(....
...
#............
.##
#####..########
# #......#
####.###..#
..........####
##....>......#
#.#.###@###.# #
#...{.# #
#.###.# ... .#
### #


There were no monsters in sight!

Vanquished Creatures
  An ogre (D:5)
  2 orc priests (D:5)
  2 hounds
  A jelly (D:5)
  2 orc wizards
  An iguana (D:5)
  Natasha (thrice) (D:4)
  2 worker ants (D:4)
  A hound skeleton (D:2)
  7 adders
  3 giant geckos
  13 orcs
  8 giant cockroaches
  5 goblins
  4 hobgoblins (D:1)
  7 jackals
  3 quokkas
  A ball python (D:3)
  10 bats
  A giant gecko zombie (D:5)
  4 giant newts
  5 kobolds
  9 rats
95 creatures vanquished.

Notes
Turn   | Place    | Note
--------------------------------------------------------------
     0 | D:1      | graki42 the Deep Elf Conjurer began the quest for the Orb.
     0 | D:1      | Reached XP level 1. HP: 10/10 MP: 6/6
   133 | D:1      | Reached XP level 2. HP: 13/15 MP: 5/8
   137 | D:1      | Learned a level 2 spell: Searing Ray
   226 | D:1      | Reached skill level 5 in Conjurations
   605 | D:2      | Reached XP level 3. HP: 19/19 MP: 7/10
   609 | D:2      | Found a shimmering altar of Xom.
   615 | D:2      | Learned a level 3 spell: Dazzling Spray
  1259 | D:2      | Reached XP level 4. HP: 24/24 MP: 6/12
  1265 | D:2      | Learned a level 4 spell: Iskenderun's Mystic Blast
  2085 | D:4      | Reached XP level 5. HP: 28/28 MP: 3/14
  2195 | D:4      | Reached skill level 5 in Spellcasting
  2266 | D:4      | Noticed Natasha
  2271 | D:4      | Killed Natasha
  2271 | D:4      | Reached skill level 6 in Conjurations
  2517 | D:4      | Noticed Natasha
  2519 | D:4      | Killed Natasha
  2531 | D:4      | Reached skill level 1 in Hexes
  2586 | D:4      | Noticed Natasha
  2586 | D:4      | Killed Natasha
  2640 | D:4      | Reached XP level 6. HP: 32/32 MP: 6/16
  2805 | D:5      | Entered Level 5 of the Dungeon
  2905 | D:5      | Reached skill level 7 in Conjurations
  3157 | D:5      | Reached XP level 7. HP: 25/36 MP: 5/18
  3255 | D:5      | Found a staircase to the Ecumenical Temple.
  3264 | Temple   | Entered the Ecumenical Temple
  3351 | Temple   | Became a worshipper of Sif Muna the Loreminder
  3453 | D:5      | Slain by a sky beast

Vault maps used:
D:1:      dpeg_arrival_pits, minmay_misc_feat_hallway
D:2:      xom_teletrap_fun
D:4:      minmay_cut_off, uniq_natasha
D:5:      lemuel_temple_firewalk_marked, first_bread,
          hangedman_abyss_or_decor_stagger
Temple:   nicolae_temple_elliptical

Action                   |  1- 3 |  4- 6 |  7- 9 || total
-------------------------+-------+-------+-------++-------
Melee: Unarmed           |    10 |       |       ||    10
 Cast: Magic Dart        |    79 |    80 |     2 ||   161
       Searing Ray       |     1 |    12 |     3 ||    16
       Dazzling Spray    |       |     8 |       ||     8
  Eat: Chunk             |       |     7 |       ||     7
